 Dungeon Crawl Stone Soup version 0.25-a0-834-g55863b0 (webtiles) character file.

Game seed: 17927423413234238658, levelgen mode: deterministic

3682 robertstho the Grappler (level 9, -2/127 HPs)
             Began as a Troll Monk on Apr 21, 2020.
             Was a Priest of Okawaru.
             Slain by an orc warrior
             ... wielding a +0 halberd
              (12 damage)
             ... on level 8 of the Dungeon on Apr 22, 2020.
             The game lasted 00:10:45 (5980 turns).

robertstho the Grappler (Troll Monk)                Turns: 5980, Time: 00:10:46

Health: -2/127     AC:  6    Str: 23    XL:     9   Next: 90%
Magic:  8/9        EV:  9    Int: 15    God:    Okawaru [***...]
Gold:   464        SH:  8    Dex: 10    Spells: 8/8 levels left

rFire    . . .     SeeInvis .     - Unarmed
rCold    . . .     Gourm    +   a - +0 kite shield
rNeg     . . .     Faith    .   x - +0 robe of Lucidity {-Tele rPois Int+9 Dex-3}
rPois    +         Spirit   .   (helmet restricted)
rElec    .         Reflect  .   (no cloak)
rCorr    .         Harm     .   (gloves unavailable)
MR       .....     NoTele   +   (boots unavailable)
Stlth    ..........             (no amulet)
HPRegen  0.71/turn              (no ring)
MPRegen  0.11/turn              (no ring)

@: berserking, very quick
A: large, unfitting armour, claws 3, fast metabolism 3, gourmand, regeneration
1, shaggy fur 1, tough skin 3
a: Heroism, Renounce Religion


You were on level 8 of the Dungeon.
You worshipped Okawaru.
Okawaru was most pleased with you.
You were completely stuffed.

You visited 2 branches of the dungeon, and saw 9 of its levels.

You collected 464 gold pieces.

Inventory:

Hand Weapons
 s - the +5 flail "Neqaitos" {pain, SInv, unknown}
   (You found it on level 7 of the Dungeon)

   In the hands of one skilled in necromantic magic, it inflicts extra damage on
   living creatures.
   It lets you see invisible.
Missiles
 d - 26 poisoned darts (quivered)
Armour
 a - a +0 kite shield (worn)
 m - a +1 robe of positive energy
 x - the +0 robe of Lucidity (worn) {-Tele rPois Int+9 Dex-3}
   (You found it on level 8 of the Dungeon)

   It affects your intelligence (+9).
   It affects your dexterity (-3).
   It protects you from poison.
   It prevents most forms of teleportation.
Wands
 t - a wand of enslavement (7)
 u - a wand of iceblast (4)
 w - a wand of flame (22)
Scrolls
 f - 4 scrolls of teleportation
 h - a scroll of blinking {unknown}
 j - a scroll of fear {unknown}
 n - a scroll of brand weapon {unknown}
 o - 2 scrolls of amnesia {unknown}
 q - 2 scrolls of magic mapping {unknown}
 r - a scroll of remove curse
 v - a scroll of vulnerability {unknown}
 y - a scroll of identify
Potions
 c - 7 potions of curing
 e - 2 potions of flight {unknown}
 g - 3 potions of berserk rage
 i - a potion of might
 k - 2 potions of lignification
 l - a potion of heal wounds {unknown}
 p - a potion of mutation {unknown}
Comestibles
 b - 20 rations
 z - 4 chunks of flesh


   Skills:
 * Level 4.6 Fighting
 * Level 3.6 Armour
 * Level 5.3 Dodging
 - Level 1.0 Stealth
 + Level 2.6 Shields
 * Level 10.8 Unarmed Combat
 * Level 1.8 Invocations


You had 8 spell levels left.
You didn't know any spells.
Your spell library contained the following spells:

 Spells                   Type           Power        Failure   Level  Hunger
 Magic Dart               Conj           #...         71%         1    ##.....
 Shock                    Conj/Air       #...         71%         1    ##.....
 Searing Ray              Conj           #.....       85%         2    ###....
 Swiftness                Chrm/Air       #.......     85%         2    ###....
 Dazzling Flash           Conj/Hex       #.....       97%         3    ####...
 Static Discharge         Conj/Air       #.......     97%         3    ####...
 Airstrike                Air            #.........   100%        4    #####..
 Fulminant Prism          Conj/Hex       #.........   100%        4    #####..
 Iskenderun's Mystic Bla  Conj/Tloc      #.......     100%        4    #####..
 Lightning Bolt           Conj/Air       #.........   100%        5    ######.


Dungeon Overview and Level Annotations

Branches:
Dungeon (8/15)             Temple (1/1) D:7
   Lair: D:8-11

Altars:
Ashenzari
Cheibriados
Dithmenos
Elyvilon
Fedhas
Gozag
Hepliaklqana
Kikubaaqudgha
Makhleb
Nemelex Xobeh
Okawaru
Qazlal
Ru
Sif Muna
Trog
Uskayaw
Vehumet
Wu Jian
Xom
Yredelemnul
Zin
The Shining One


Innate Abilities, Weirdness & Mutations

You are too large for most types of armour.
You have claws for hands.
Your metabolism is lightning-fast.
You like to eat raw meat.
Your natural rate of healing is unusually fast.
You are covered in fur. (AC +1)
You have extremely tough skin. (AC +3)


Message History

You feel yourself moving faster!
You feel mighty! You block something's attack.
You hear some strange, mumbled words.
A puff of frost appears from out of thin air!
The puff of frost hits you.
* * * LOW HITPOINT WARNING * * *
You eviscerate something!!! Okawaru accepts your kill.
Reactivating autopickup.
You feel a bit more experienced. You block the orc warrior's attack.
Things that are here:
a +3 dagger; a +0 robe; an orc corpse You barely miss the orc warrior.
The orc warrior hits you with a +0 halberd!
* * * LOW HITPOINT WARNING * * *
You completely miss the orc warrior.
You feel like a meek peon again.
You mangle the orc warrior!!
The orc warrior is almost dead.
The orc warrior hits you with a +0 halberd!
You die...

#.....##.##.##.#
#.....##....##.#
##.....##..####.#
........#.......#
..##.##.##.######
.....##.##.# ...####.##.#
........##.##############
.#..#.####.#.Zoo@........
.#.........#.#####..#####
....#.######.# ###..##
###...# ##o##.......
####..# #.o.......###
......# #...........
###...# #.###o###.##
#...# #.# ... .<
#...#####.###..o..


You could see an orc warrior, an orc wizard and a centaur warrior skeleton.

Vanquished Creatures
  Joseph (D:7)
  A hornet (D:8)
  A hippogriff (D:8)
  Sigmund (D:3)
  A spriggan (D:7)
  Eustachio (D:6)
  A water moccasin (D:8)
  An orc warrior (D:6)
  An ice beast (D:5)
  5 ogres
  A phantom (D:6)
  A centaur (D:6)
  2 bullfrogs
  A scorpion (D:8)
  2 howler monkeys
  2 electric eels (D:7)
  8 crimson imps
  A centaur zombie (D:5)
  3 hounds
  3 orc priests
  3 jellies
  8 orc wizards
  A centaur skeleton (D:6)
  Jessica (D:3)
  5 worker ants
  A killer bee zombie (D:6)
  A worker ant zombie (D:6)
  4 gnolls
  A howler monkey skeleton (D:6)
  10 adders
  A shadow imp (D:8)
  An adder zombie (D:7)
  An ooze (D:2)
  An adder skeleton (D:5)
  3 worms
  8 dart slugs
  36 orcs
  9 bats
  8 giant cockroaches
  9 goblins
  6 hobgoblins
  A jackal (D:5)
  3 quokkas
  2 ball pythons
  3 frilled lizards
  A jackal zombie (D:5)
  6 kobolds
  4 rats
176 creatures vanquished.

Notes
Turn   | Place    | Note
-------+----------+-------------------------------------------
     0 | D:1      | robertstho the Troll Monk began the quest for the Orb.
     0 | D:1      | Reached XP level 1. HP: 22/22 MP: 0/0
   420 | D:2      | Reached XP level 2. HP: 29/29 MP: 1/1
   487 | D:2      | Reached XP level 3. HP: 34/36 MP: 2/2
   730 | D:2      | Found a hazy altar of Hepliaklqana.
   770 | D:2      | You fall into a shaft and drop 1 floor!
   798 | D:3      | Reached XP level 4. HP: 44/44 MP: 3/3
   802 | D:3      | Reached skill level 4 in Unarmed Combat
   882 | D:3      | Found a snail-covered altar of Cheibriados.
   924 | D:3      | Noticed Sigmund
   925 | D:3      | Noticed Jessica
   938 | D:3      | Killed Sigmund
   938 | D:3      | Reached skill level 1 in Armour
   938 | D:3      | Reached skill level 5 in Unarmed Combat
   938 | D:3      | Reached XP level 5. HP: 53/53 MP: 4/4
   938 | D:3      | Reached XP level 6. HP: 61/61 MP: 5/5
   940 | D:3      | Killed Jessica
  1381 | D:3      | Noticed an angel
  1382 | D:3      | Found a glowing silver altar of Zin.
  1430 | D:3      | Found a burning altar of Makhleb.
  1431 | D:3      | Found a blossoming altar of Fedhas.
  1553 | D:4      | Reached skill level 6 in Unarmed Combat
  1621 | D:4      | Reached XP level 7. HP: 67/67 MP: 6/6
  1800 | D:4      | Found a shadowy altar of Dithmenos.
  1822 | D:4      | Found a bloodstained altar of Trog.
  2288 | D:5      | Entered Level 5 of the Dungeon
  2332 | D:5      | Reached skill level 7 in Unarmed Combat
  2362 | D:5      | Found an ornate altar of the Wu Jian Council.
  2388 | D:5      | Found a sacrificial altar of Ru.
  2588 | D:5      | Reached skill level 1 in Shields
  2640 | D:5      | Reached XP level 8. HP: 72/75 MP: 7/7
  2984 | D:5      | Found a shimmering blue altar of Sif Muna.
  3055 | D:6      | Reached skill level 8 in Unarmed Combat
  3174 | D:6      | Noticed Eustachio
  3181 | D:6      | Killed Eustachio
  3657 | D:6      | Reached skill level 9 in Unarmed Combat
  3915 | D:6      | Reached XP level 9. HP: 84/84 MP: 8/8
  3954 | D:6      | Found a shattered altar of Ashenzari.
  4153 | D:7      | Found an opulent altar of Gozag.
  4240 | D:7      | Found a transporter.
  4393 | D:7      | Noticed Joseph
  4402 | D:7      | Killed Joseph
  4412 | D:7      | Found a transporter.
  4413 | D:7      | Found a staircase to the Ecumenical Temple.
  4416 | D:7      | Got a bone flail
  4469 | Temple   | Entered the Ecumenical Temple
  4520 | Temple   | Became a worshipper of Warmaster Okawaru
  4520 | Temple   | Reached * piety under Okawaru
  4520 | Temple   | Reached ** piety under Okawaru
  5050 | D:7      | Found a basalt altar of Yredelemnul.
  5445 | D:7      | Reached skill level 5 in Dodging
  5445 | D:7      | Reached skill level 10 in Unarmed Combat
  5501 | D:8      | Got a thick robe
  5521 | D:8      | Identified the +0 robe of Lucidity {-Tele rPois Int+9
                  | Dex-3} (You found it on level 8 of the Dungeon)
  5561 | D:8      | Reached skill level 1 in Invocations
  5810 | D:8      | Upgraded the game from 0.25-a0-829-g4e6a552 to
                  | 0.25-a0-834-g55863b0
  5826 | D:8      | Reached *** piety under Okawaru
  5961 | D:8      | Paralysed by a hornet for 2 turns
  5980 | D:8      | Slain by an orc warrior

Levels and vault maps discovered:
D:1:      nzn_arrival_water_spiral, layout_rooms
D:2:      layout_rooms, lemuel_doored_altar, first_ration
D:3:      layout_rooms, kennysheep_slug_shrine, zin_angel, minitemple,
          minmay_pentangle, uniq_jessica, uniq_sigmund
D:4:      kennysheep_slugbush, layout_cave_pods, grunt_temple_overflow_open
D:5:      layout_loops_cross, kennysheep_mini, nicolae_overflow_crystal_walls,
          lemuel_blue_sif_altar, minmay_starry_boxes
D:6:      layout_cave_pools, ashenzari_conservatory_becter, uniq_eustachio
D:7:      gammafunk_steamed_eel, layout_layer_cave,
          nicolae_overflow_hidden_temple, grunt_gozag_statues,
          minmay_temple_entry_crystal_x, the_bakery, water_maze_lemuel,
          uniq_joseph
D:8:      layout_loops_cross
Temple:   compressed_dpeg_triangle_lava_temple

Skill      XL: |  1  2  3  4  5  6  7  8  9 |
---------------+----------------------------+-----
Dodging        | 3 4 5 |  5.3
Unarmed Combat | 5 6 7 9 10 | 10.8
Fighting       | 3 4 |  4.6
Armour         | 1 2 3 |  3.6
Shields        | 1 2 |  2.6
Invocations    | 1 |  1.8
Stealth        | |  1.0

Action                   |  1- 3 |  4- 6 |  7- 9 || total
-------------------------+-------+-------+-------++-------
Melee: Unarmed           |    92 |   136 |   310 ||   538
Invok: Heroism           |       |       |     2 ||     2
  Use: Scroll            |       |     4 |     4 ||     8
       Potion            |       |       |     2 ||     2
 Stab: Sleeping          |       |     1 |     3 ||     4
  Eat: Chunk             |    13 |     8 |    40 ||    61
Armor: Robe              |    39 |    27 |    71 ||   137
Dodge: Dodged            |    55 |    43 |    78 ||   176
Block: Kite shield       |       |    27 |   110 ||   137

Table legend:
 A = Non-vault XP
 B = Vault XP
 C = Vault XP percentage of total XP
 D = Non-vault monster count
 E = Vault monster count
 F = Vault count percentage of total count
                 A         B        C        D         E       F
            +---------+---------+-------+---------+---------+-------
      Total |    3717 |    1544 |  29.3 |     146 |      30 |  17.0
            +---------+---------+-------+---------+---------+-------
        D:1 |      11 |       0 |   0.0 |       7 |       0 |   0.0
        D:2 |      81 |       0 |   0.0 |      25 |       0 |   0.0
        D:3 |      90 |     404 |  81.8 |      21 |      14 |  40.0
        D:4 |     323 |      28 |   8.0 |      16 |       7 |  30.4
        D:5 |     576 |     103 |  15.2 |      16 |       4 |  20.0
        D:6 |     994 |     191 |  16.1 |      29 |       1 |   3.3
        D:7 |     219 |     818 |  78.9 |       9 |       4 |  30.8
        D:8 |    1423 |       0 |   0.0 |      23 |       0 |   0.0
            +---------+---------+-------+---------+---------+-------
